 Dungeon Crawl Stone Soup version 0.29.1-4-g47bece8355 (webtiles) character file.

Game seed: 7206806382066075968

135 fantasyman the Shield-Bearer (level 5, -1/42 HPs)
             Began as a Formicid Fighter on Dec 4, 2022.
             Succumbed to Crazy Yiuf's poison
             ... on level 2 of the Dungeon.
             The game lasted 00:02:01 (2066 turns).

fantasyman the Shield-Bearer (Formicid Fighter)     Turns: 2066, Time: 00:02:02

Health: -1/42      AC:  7    Str: 22    XL:     5   Next: 42%
Magic:  5/5        EV:  9    Int:  8    God:
Gold:   127        SH:  5    Dex: 13    Spells: 4/4 levels left

rFire   . . .      SeeInvis +   n - +0 broad axe
rCold   . . .      Faith    .   c - +0 buckler
rNeg    . . .      Spirit   .   b - +0 scale mail
rPois   .          Reflect  .   (helmet unavailable)
rElec   .          Harm     .   (no cloak)
rCorr   .          Rampage  .   (no gloves)
Will    .....                   (no boots)
Stlth   +.........              (no amulet)
HPRegen 0.14/turn               (no ring)
MPRegen 0.09/turn               (no ring)

@: mighty, lethally poisoned (-1 -> -9)
A: permanent stasis, dig shafts and tunnels, antennae 3, four strong arms
a: Dig, Shaft Self


You were on level 2 of the Dungeon.
You visited 1 branch of the dungeon, and saw 2 of its levels.

You collected 127 gold pieces.

Inventory:

Hand Weapons
 a - a +0 war axe
 n - a +0 broad axe (weapon)
Armour
 b - a +0 scale mail (worn)
 c - a +0 buckler (worn)
Jewellery
 g - a ring of poison resistance
 i - a ring of fire
Scrolls
 j - a scroll of immolation {unknown}
 m - a scroll of torment {unknown}
 p - a scroll of fear {unknown}
Potions
 d - a potion of might
 e - a potion of flight {unknown}
 f - 2 potions of haste {unknown}
 h - 2 potions of degeneration {unknown}
 k - 2 potions of curing {unknown}
 l - a potion of heal wounds {unknown}
 o - a potion of mutation {unknown}


   Skills:
 + Level 3.8 Fighting
 + Level 3.5 Axes
 + Level 4.0 Armour
 + Level 2.1 Stealth
 + Level 4.6 Shields


You had 4 spell levels left.
You didn't know any spells.
Your spell library was empty.

Dungeon Overview and Level Annotations

Branches:
Dungeon (2/15)

Altars:
Makhleb


Innate Abilities, Weirdness & Mutations

You cannot be hasted, slowed, berserked, paralysed or teleported.
You can dig through walls and to a lower floor.
You have a pair of large antennae on your head. (SInv)
Your four strong arms can wield two-handed weapons with a shield.


Message History

Found a hammer.
Found a runed translucent door.
Crazy Yiuf shouts!
Crazy Yiuf grits, "Line action toodlewoodle!"
You sense a monster nearby.
No target in view!
No target in view!
No target in view!
You see here the felid skeleton of Natasha.
You see here 7 stones.
k - 2 bubbling orange potions (gained 1)
You see here 7 stones.
Crazy Yiuf shouts!
No reachable target in view!
You open the door.
Crazy Yiuf hits you with a +2 quarterstaff of chaos!
You feel very mighty all of a sudden.
There is an open translucent door, spattered with blood here.
You completely miss Crazy Yiuf. Crazy Yiuf barely misses you.
Crazy Yiuf screams, "Citrus bag turtle!"
Crazy Yiuf hits you with a +2 quarterstaff of chaos.
You barely miss Crazy Yiuf. Crazy Yiuf closely misses you.
You slash Crazy Yiuf!
Crazy Yiuf is heavily wounded.
Crazy Yiuf screams, "Mugger!
Candle childish fast."
You block Crazy Yiuf's attack.
Crazy Yiuf hits you with a +2 quarterstaff of chaos!
* * * LOW HITPOINT WARNING * * *
You are lethally poisoned!
You slash Crazy Yiuf!
You kill Crazy Yiuf!
* * * LOW HITPOINT WARNING * * *
You feel very sick.
Your Armour skill increases to level 4!
* * * LOW HITPOINT WARNING * * *
You feel very sick.
Things that are here:
a +2 quarterstaff of chaos; a +0 cloak; the gnoll corpse of Crazy Yiuf
* * * LOW HITPOINT WARNING * * *
You feel sick.
You die...

#.# #.# #.####.#
## #.# #.# #.#
#.# .#
##.###)######
#.# #.#
.###...##......#
#.# #.#
.##...<.#......#
#.# ##.##
.##.....†..#####
#####...#
.##.....##.#
#.....#
.###...###.#
##### ###...# .#
##### ### #.@)#
##### .# #...#
.# #.).# .#
##'## .# ♣♣.♣ ##
♣.♣♣ ♣♣.♣ ♣.♣♣
♣♣.♣♣


There were no monsters in sight!

Vanquished Creatures
  Crazy Yiuf (D:2)
  Natasha (thrice) (D:2)
  An adder (D:2)
  An endoplasm (D:1)
  A giant cockroach (D:1)
  4 goblins
  3 hobgoblins (D:1)
  3 jackals (D:1)
  A quokka (D:1)
  2 ball pythons (D:1)
  A bat (D:2)
  2 frilled lizards (D:1)
  2 rats (D:1)
25 creatures vanquished.

Vanquished Creatures (others)
  2 fungi (D:2)
2 creatures vanquished.

Grand Total: 27 creatures vanquished

Notes
Turn   | Place    | Note
-------+----------+-------------------------------------------
     0 | D:1      | fantasyman the Formicid Fighter began the quest for the
                  | Orb.
     0 | D:1      | Reached XP level 1. HP: 18/18 MP: 1/1
    58 | D:1      | Reached XP level 2. HP: 24/24 MP: 2/2
   775 | D:1      | Reached XP level 3. HP: 29/29 MP: 3/3
  1028 | D:2      | Noticed Natasha
  1039 | D:2      | Killed Natasha
  1040 | D:2      | Reached skill level 1 in Stealth
  1356 | D:2      | Found a burning altar of Makhleb.
  1361 | D:2      | Noticed Natasha
  1367 | D:2      | Killed Natasha
  1368 | D:2      | Reached XP level 4. HP: 26/37 MP: 4/4
  1588 | D:2      | Found a faded altar of an unknown god.
  1597 | D:2      | Noticed Natasha
  1602 | D:2      | Killed Natasha
  1603 | D:2      | Reached XP level 5. HP: 42/42 MP: 5/5
  1946 | D:2      | Found a runed translucent door.
  1947 | D:2      | Noticed Crazy Yiuf
  2063 | D:2      | Killed Crazy Yiuf
  2065 | D:2      | HP: 1/42 [poisoned by Crazy Yiuf]
  2066 | D:2      | Succumbed to Crazy Yiuf's poison

Illustrated notes

Levels and vault maps discovered:
D:1:      ncdulo_watergridlock, layout_loops_corners, st_stairs_3, minivault_25
D:2:      layout_loops_ring, basic_altar,
          dreamdust_ecumenical_altar_angels_and_demons, uniq_crazy_yiuf_cottage,
          uniq_natasha

Skill      XL: |  1  2  3  4  5 |
---------------+----------------+-----
Stealth        | 1 2 |  2.1
Axes           | 3 |  3.5
Armour         | 4 |  4.0
Fighting       | |  3.8
Shields        | |  4.6

Action                   |  1- 3 |  4- 6 || total
-------------------------+-------+-------++-------
Melee: War axe           |    47 |     8 ||    55
       Broad axe         |       |     7 ||     7
 Abil: Dig               |       |     1 ||     1
Armor: Scale mail        |    17 |     6 ||    23
Dodge: Dodged            |    15 |     8 ||    23
Block: Buckler           |    16 |     3 ||    19
